 Dungeon Crawl Stone Soup version 0.13-a0-2202-g857913d (webtiles) character file.

283 Kae the Ruinous (level 5, -3/28 HPs)
             Began as a Tengu Fire Elementalist on July 2, 2013.
             Slain by an orc priest
             ... wielding a +0,+0 orcish hand axe
              (10 damage)
             ... on Level 4 of the Dungeon.
             The game lasted 00:05:35 (3587 turns).

Kae the Ruinous (Tengu Fire Elementalist)           Turns: 3587, Time: 00:05:36

HP  -3/28        AC  2     Str  8      XL: 5   Next: 45%
MP   6/11        EV 12     Int 17      God:
Gold 119         SH  0     Dex 14      Spells:  3 memorised,  2 levels left

Res.Fire  : . . .   See Invis. : .   (no weapon)
Res.Cold  : . . .   Warding    : .   a - +0 robe
Life Prot.: . . .   Conserve   : .   (no shield)
Res.Poison: .       Res.Corr.  : .   (helmet restricted)
Res.Elec. : .       Clarity    : .   (no cloak)
Sust.Abil.: . .     Spirit.Shd : .   (no gloves)
Res.Mut.  : .       Stasis     : .   (boots unavailable)
Res.Rott. : .       Flight     : .   (no amulet)
Saprovore : . . .                    (no ring)
                                     (no ring)

@: slightly resistant to hostile enchantments, fairly stealthy
A: able to fly, beak, talons 3
a: Fly


You were on level 4 of the Dungeon.
You were very hungry.

You visited 1 branch of the dungeon, and saw 4 of its levels.

You collected 99 gold pieces.

Inventory:

Armour
 a - a +0 robe (worn)
 j - a +0 cloak
Magical devices
 o - a wand of polymorph (12) {unknown}
 A - a wand of draining (10) {unknown}
Comestibles
 c - 2 bread rations
 d - a choko
 l - a beef jerky
 r - a meat ration
 z - an apple
Scrolls
 f - a scroll of noise {unknown}
 g - a scroll of amnesia {unknown}
 h - 3 scrolls of magic mapping {unknown}
 k - 2 scrolls of remove curse {unknown}
 m - 3 scrolls of identify {unknown}
 q - 2 scrolls of teleportation {unknown}
 u - 3 scrolls of curse armour {unknown}
 v - a scroll of curse jewellery {unknown}
 w - a scroll of enchant weapon II {unknown}
 x - 3 scrolls of enchant armour {unknown}
Jewellery
 p - an uncursed ring of see invisible {unknown}
Potions
 e - a potion of speed {unknown}
 i - 3 potions of curing {unknown}
 n - a potion of mutation {unknown}
 s - a potion of might {unknown}
 t - a potion of restore abilities {unknown}
 B - a potion of agility {unknown}
 C - a potion of invisibility {unknown}
Books
 b - a book of Flames

   Spells                             Type                      Level
   *Flame Tongue                      Conjuration/Fire             1
   *Throw Flame                       Conjuration/Fire             2
   *Conjure Flame                     Conjuration/Fire             3
   Inner Flame                        Hexes/Fire                   3
   Sticky Flame                       Conjuration/Fire             4
   Fireball                           Conjuration/Fire             5
 y - a book of Ice

   Spells                             Type                      Level
   Freezing Aura                      Charms/Ice                   2
   Ensorcelled Hibernation            Hexes/Ice                    2
   Ozocubu's Refrigeration            Ice                          6
   Bolt of Cold                       Conjuration/Ice              6
   Freezing Cloud                     Conjuration/Ice/Air          6
   Metabolic Englaciation             Hexes/Ice                    6
   Simulacrum                         Ice/Necromancy               6


   Skills:
 - Level 2.1 Dodging
 - Level 2.0 Stealth
 + Level 2.1 Spellcasting
 * Level 4.7 Conjurations
 * Level 4.6 Fire Magic


You had 2 spell levels left.
You knew the following spells:

 Your Spells              Type           Power        Failure   Level  Hunger
a - Flame Tongue          Conj/Fire      ###..        2%          1    #......
b - Throw Flame           Conj/Fire      ###...       4%          2    ##.....
c - Conjure Flame         Conj/Fire      ###.....     10%         3    ####...


Dungeon Overview and Level Annotations

Branches:
Dungeon (4/27)
 Temple: D:4-7

Altars:

Annotations
D:2 Sigmund
D:3 exclusion: 2 gnolls


Innate Abilities, Weirdness & Mutations

You can fly.
You have a beak for a mouth.
You have claws for feet.


Message History

Press: ? - help, Shift-Dir - straight line, f - orc priest
Aim: an orc priest, wielding an orcish hand axe and wearing an orcish ring mail The flame hits the orc priest.
The orc priest appears unharmed.
Casting: Flame Tongue
Confirm with . or Enter, or press ? or * to list all spells.
Aiming: Flame Tongue
Press: ? - help, Shift-Dir - straight line, f/p - orc priest
Aim: an orc priest, wielding an orcish hand axe and wearing an orcish ring mail The flame misses the orc priest.
The orc priest mumbles some strange prayers to Beogh.
You feel a wave of unholy energy pass over you.
Casting: Flame Tongue
Confirm with . or Enter, or press ? or * to list all spells.
Aiming: Flame Tongue
Press: ? - help, Shift-Dir - straight line, f/p - orc priest
Aim: an orc priest, wielding an orcish hand axe and wearing an orcish ring mail The flame hits the orc priest.
The orc priest is lightly wounded.
The orc priest hits you with an orcish hand axe!
You die...

..P.≈..P........................#
..P..P.P#####.{.{.....###.......#
##.###### ##.{Z......####..####
#.# ##### #.........# #..#
#Z#####...#########...####..#
z................[..........#
z.{####...####..Z##########.#
..................# #.#
....#########...@## #.#
....#########...o###### #.#
#................o.(.# ###.###
.##.#...##...#.######.# #.....#
...............# #.# #.....#
##.##...######## ##.## #.....#
#.#...## #...# ###.### #.#...# #
#...# #.# ##.#...#...## #...###
#.#


You could see an orc priest and an ogre skeleton.

Vanquished Creatures
  Ijyb (D:3)
  Jessica (D:3)
  A scorpion zombie (D:4)
  4 adders
  A giant mite (D:3)
  A giant eyeball (D:4)
  2 oozes
  7 orcs
  A ball python (D:3)
  2 giant cockroaches
  7 goblins
  6 hobgoblins
  A quokka (D:3)
  16 bats
  7 giant newts
  A hobgoblin zombie (D:4)
  5 kobolds
  A kobold skeleton (D:4)
  4 rats
69 creatures vanquished.

Vanquished Creatures (others)
  A quokka (D:2)
  A goblin (D:2)
  A rat (D:3)
3 creatures vanquished.

Grand Total: 72 creatures vanquished

Notes
Turn   | Place    | Note
--------------------------------------------------------------
     0 | D:1      | Kae, the Tengu Fire Elementalist, began the quest for the Orb.
     0 | D:1      | Reached XP level 1. HP: 10/10 MP: 3/3
   219 | D:1      | Reached XP level 2. HP: 15/15 MP: 3/5
   931 | D:2      | Noticed Sigmund
  1024 | D:2      | Reached XP level 3. HP: 16/19 MP: 2/7
  1645 | D:3      | Learned a level 2 spell: Throw Flame
  1695 | D:3      | Noticed Jessica
  1704 | D:3      | Killed Jessica
  1704 | D:3      | Reached skill level 4 in Fire Magic
  1704 | D:3      | Reached XP level 4. HP: 22/24 MP: 3/8
  1738 | D:3      | Learned a level 3 spell: Conjure Flame
  2088 | D:3      | Noticed Ijyb
  2102 | D:3      | Killed Ijyb
  2234 | D:3      | Reached XP level 5. HP: 9/28 MP: 4/11
  3587 | D:4      | Slain by an orc priest

Action                   |  1- 3 |  4- 6 || total
-------------------------+-------+-------++-------
Melee: Unarmed           |    25 |    29 ||    54
 Cast: Flame Tongue      |    50 |    85 ||   135
